 Dungeon Crawl Stone Soup version 0.30-a0-587-gfd7c166f36 (webtiles) character file.

Game seed: 6584770533637560686

85 Bnni the Vexing (level 4, 0/31 (33) HPs)
             Began as a Formicid Hexslinger on Jan 4, 2023.
             Was a Follower of Okawaru.
             Slain by an orc
             ... wielding a +0 flail
              (2 damage)
             ... on level 3 of the Dungeon.
             The game lasted 00:02:12 (1308 turns).

Bnni the Vexing (Formicid Hexslinger)               Turns: 1308, Time: 00:02:12

HP:   0/31 (33)     AC:  2    Str: 15    XL:     4   Next: 75%
MP:   4/6           EV: 12    Int: 14    God:    Okawaru [*.....]
Gold: 103           SH:  0    Dex: 14    Spells: 2/6 levels left

rFire   . . .      SeeInvis +    a - +1 sling
rCold   . . .      Faith    .    (no shield)
rNeg    . . .      Spirit   .    c - +0 robe
rPois   +          Reflect  .    (helmet unavailable)
rElec   .          Harm     .    (no cloak)
rCorr   .          Rampage  .    (no gloves)
Will    .....                    (no boots)
Stlth   +                        (no amulet)
HPRegen 0.25/turn                l - ring of poison resistance
MPRegen 0.10/turn                (no ring)

@: drained
A: permanent stasis, dig shafts and tunnels, antennae 3, four strong arms
a: Dig, Shaft Self, Renounce Religion, Heroism


You were on level 3 of the Dungeon.
You worshipped Okawaru.
Okawaru was aware of your devotion.
You visited 1 branch of the dungeon, and saw 3 of its levels.

You collected 103 gold pieces.

Inventory:

Hand Weapons
 a - a +1 sling (weapon)
Missiles
 i - a throwing net
Armour
 c - a +0 robe (worn)
Jewellery
 l - a ring of poison resistance (left hand)
Scrolls
 b - a scroll of poison
 d - 2 scrolls of vulnerability {unknown}
 e - a scroll of noise {unknown}
 g - a scroll of blinking {unknown}
 j - a scroll of fog {unknown}
 k - a scroll of enchant armour {unknown}
 m - a scroll of identify {unknown}
Potions
 f - a potion of haste {unknown}
 h - a potion of lignification {unknown}
 n - 2 potions of invisibility {unknown}
 o - a potion of attraction {unknown}
 p - a potion of brilliance {unknown}


   Skills:
 + Level 1.8 Fighting
 * Level 2.9 Ranged Weapons
 - Level 1.7 Dodging
 + Level 1.6 Spellcasting
 * Level 4.5 Hexes
 * Level 1.6 Fire Magic


You had 2 spell levels left.
You knew the following spells:

 Your Spells              Type           Power      Damage    Failure   Level
a - Slow                  Hex            52%        N/A       4%          1
b - Inner Flame           Hex/Fire       9%         N/A       22%         3

Your spell library contained the following spells:

 Spells                   Type           Power      Damage    Failure   Level
 Portal Projectile        Hex/Tloc       14%        N/A       30%         3
 Cause Fear               Hex            6%         N/A       36%         4


Dungeon Overview and Level Annotations

Branches:
Dungeon (3/15)

Altars:
Okawaru
Uskayaw

Shops:
D:2 *

Annotations:
D:3 Grinder


Innate Abilities, Weirdness & Mutations

You cannot be hasted, slowed, berserked, paralysed or teleported.
You can dig through walls and to a lower floor.
You have a pair of large antennae on your head. (SInv)
Your four strong arms can wield two-handed weapons with a shield.


Message History

You shoot a sling bullet.
You feel less confused. The orc hits you with a +0 flail.
* * * LOW HITPOINT WARNING * * *
Fire: a) +1 sling
Press: ? - help, Shift-Dir - straight line, f - orc wizard, p - orc wizard
Aim: an orc wizard, wielding a +0 dagger and wearing a +0 robe (inner flame, slightly transparent, 50% to hit)
You shoot a sling bullet. The sling bullet barely misses the orc.
The sling bullet hits the orc wizard.
The orc wizard is severely wounded.
The orc hits you with a +0 flail!
* * * LOW HITPOINT WARNING * * *
Fire: a) +1 sling
Press: ? - help, Shift-Dir - straight line, f/p - orc wizard
Aim: an orc wizard, wielding a +0 dagger and wearing a +0 robe (inner flame, slightly transparent, 50% to hit)
You shoot a sling bullet. The sling bullet barely misses the orc.
The sling bullet hits the orc wizard but does no damage.
The orc wizard is heavily wounded.
Fire: a) +1 sling
Press: ? - help, Shift-Dir - straight line, f/p - orc wizard
Aim: an orc wizard, wielding a +0 dagger and wearing a +0 robe (inner flame, slightly transparent, 50% to hit)
You shoot a sling bullet. The sling bullet hits the orc!
You kill the orc!
Okawaru accepts your kill.
The orc wizard gestures at you while chanting.
The magic dart hits the orc wizard!
The orc wizard dies!
Fire: a) +1 sling
Press: ? - help, Shift-Dir - straight line, f/p - orc wizard
Aim: an orc wizard, wielding a +0 dagger and wearing a +0 robe (inner flame, slightly transparent, 50% to hit)
You shoot a sling bullet.
The sling bullet closely misses the orc.
The sling bullet closely misses the orc wizard.
Fire: a) +1 sling
Press: ? - help, Shift-Dir - straight line, f/p - orc wizard
Aim: an orc wizard, wielding a +0 dagger and wearing a +0 robe (inner flame, slightly transparent, 50% to hit)
You shoot a sling bullet. The sling bullet hits the orc.
The orc is heavily wounded.
The orc hits you with a +0 flail.
You die...

...(...## #.......#
........# #..)....#
...8....# #.......#
.8...8..###.......#
........#.........#
8.....8.#o#########
....5...5o##
.8...8...#o##
...8o....##@#
.5.o.....####
######...# #####


You could see Grinder, 2 orc wizards and an orc.

Vanquished Creatures
  A gnoll (D:2)
  An adder (D:2)
  A dart slug (D:1)
  An orc (D:3)
  2 bats (D:2)
  8 endoplasms
  3 giant cockroaches
  6 goblins
  8 hobgoblins
  2 jackals (D:2)
  10 kobolds
  3 ball pythons
  2 frilled lizards
  8 rats
  A bush (D:2)
57 creatures vanquished.

Vanquished Creatures (others)
  An orc wizard (D:3)
1 creature vanquished.

Grand Total: 58 creatures vanquished

Notes
Turn   | Place    | Note
-------+----------+-------------------------------------------
     0 | D:1      | Bnni the Formicid Hexslinger began the quest for the Orb.
     0 | D:1      | Reached XP level 1. HP: 15/15 MP: 2/2
   198 | D:1      | Reached XP level 2. HP: 21/21 MP: 3/3
   339 | D:1      | Reached skill level 1 in Fire Magic
   375 | D:1      | Reached skill level 4 in Hexes
   375 | D:1      | Reached XP level 3. HP: 26/26 MP: 4/4
   379 | D:1      | Learned a level 3 spell: Inner Flame
   659 | D:2      | Found Yhaitill's General Store.
   772 | D:2      | Found a faded altar of an unknown god.
   784 | D:2      | Prayed at the altar of an unknown god.
   784 | D:2      | Became a worshipper of Warmaster Okawaru
   784 | D:2      | Reached * piety under Okawaru
   866 | D:2      | Reached XP level 4. HP: 28/33 MP: 6/6
  1288 | D:3      | Found a hide-covered altar of Uskayaw.
  1292 | D:3      | Noticed Grinder
  1304 | D:3      | HP: 1/31 [orc/+0 flail (9)]
  1308 | D:3      | Slain by an orc

Illustrated notes

Levels and vault maps discovered:
D:1:      minmay_arrival_diagonal_passages, layout_loops_cross,
          minmay_split_cup_small
D:2:      layout_basic, shapermc_ecumenical_altar_mp_highgroup, serial_shops,
          shop_statue, cheibrodos_gnoll_hut
D:3:      minmay_wonky_spiral, layout_rooms, nicolae_ashenzari_skybound,
          nicolae_uskayaw_dance_hall, minmay_misc_feat_x, minmay_misc_feat_chi,
          uniq_ijyb, uniq_grinder

Skill      XL: |  1  2 |
---------------+-------+-----
Fire Magic     | 1 |  1.6
Hexes          | 4 |  4.5
Fighting       | |  1.8
Ranged Weapons | |  2.9
Dodging        | |  1.7
Spellcasting   | |  1.6

Action                   |  1- 3 |  4- 6 || total
-------------------------+-------+-------++-------
 Fire: Sling             |    93 |    53 ||   146
 Cast: Slow              |       |     3 ||     3
       Inner Flame       |       |     2 ||     2
 Abil: Dig               |       |     1 ||     1
Armor: Robe              |     4 |     9 ||    13
Dodge: Dodged            |     7 |    38 ||    45

Table legend: (Time is in decaauts)
 A = Elapsed time spent in this place.
 B = Non-inter-level travel time spent in this place.
 C = Inter-level travel time spent in this place.
 D = Time resting spent in this place.
 E = Time spent auto-exploring this place.
 F = Levels seen in this place.
 G = Mean time per level.
                   A        B        C        D        E       F      G
               +--------+--------+--------+--------+--------+-----+--------+
         Total |   1346 |   1322 |     24 |     71 |    891 |   3 |  448.7 |
       Dungeon |   1346 |   1322 |     24 |     71 |    891 |   3 |  448.7 |
               +--------+--------+--------+--------+--------+-----+--------+

Top non-repeatable levels by time:
     D:2: 670 daAuts
     D:1: 631 daAuts
     D:3: 44 daAuts
